 Dungeon Crawl Stone Soup version 0.21-a0-164-g4aaa757 (webtiles) character file.

8899 Manul the Fighter (level 11, -1/91 HPs)
             Began as a Mummy Gladiator on Aug 5, 2017.
             Was an Initiate of Gozag.
             Slain by an ettin
             ... wielding a +0 great mace
              (47 damage)
             ... on level 1 of the Orcish Mines.
             The game lasted 00:13:33 (12462 turns).

Manul the Fighter (Mummy Gladiator)                Turns: 12462, Time: 00:13:34

Health: -1/91      AC: 13    Str: 19    XL:     11   Next: 16%
Magic:  11/11      EV: 20    Int: 10    God:    Gozag
Gold:   1152       SH:  0    Dex: 15    Spells: 10/10 levels left

rFire    . . .     SeeInvis +   r - +2 halberd (chop)
rCold    + + .     Gourm    .   (shield currently unavailable)
rNeg     + + +     Faith    .   u - +3 ring mail of Dogma {*Drain rPois rC+}
rPois    ∞         Spirit   .   o - +3 crown of Dyrovepreva {rElec Int+2 SInv}
rElec    +         Reflect  .   (no cloak)
rCorr    .         Harm     .   n - +0 pair of gloves
MR       +....                  (no boots)
Stlth    +.........             (no amulet)
HPRegen  0.25/turn              k - +5 ring of evasion
MPRegen  0.12/turn              D - ring of protection from fire

@: no status effects
A: no food or potions, fire vulnerability, cold resistance 1, negative energy
resistance 3, torment resistance, unbreathing
a: Potion Petition, Call Merchant, Bribe Branch, Renounce Religion


You were on level 1 of the Orcish Mines.
You worshipped Gozag.
Gozag was most pleased with you.
You were not hungry.

You visited 3 branches of the dungeon, and saw 13 of its levels.

You collected 1746 gold pieces.
You spent 538 gold pieces at shops.
You paid 56 gold pieces to Gozag.

Inventory:

Hand Weapons
 a - a +0 war axe
 r - a +2 halberd of chopping (weapon)
 s - the +4 long sword of the Chickpea {drain, rF+, unknown}
   (You found it on level 5 of the Dungeon)

   A truly terrible weapon, it drains the life of those it strikes.
   It protects you from fire.
 E - a +2 war axe
Missiles
 d - a throwing net (quivered)
Armour
 c - a +0 helmet
 n - a +0 pair of gloves (worn)
 o - the +3 crown of Dyrovepreva (worn) {rElec Int+2 SInv}
   (You bought it in a shop on level 6 of the Dungeon)

   It affects your intelligence (+2).
   It insulates you from electricity.
   It lets you see invisible.
 u - the +3 ring mail of Dogma (worn) {*Drain rPois rC+}
   (You found it on level 5 of the Dungeon)

   It protects you from cold.
   It protects you from poison.
   It causes draining when unequipped.
Jewellery
 k - a +5 ring of evasion (left hand)
 C - an uncursed ring of see invisible
 D - a ring of protection from fire (right hand)
Wands
 q - a wand of paralysis (17/24)
 t - a wand of lightning (9/15)
 x - a wand of paralysis (12/24)
 B - a wand of polymorph (17/24)
Scrolls
 b - a scroll of fog {unknown}
 e - 2 scrolls of fear {unknown}
 f - 3 scrolls of recharging {unknown}
 g - 2 scrolls of identify
 h - 2 scrolls of noise {unknown}
 i - 4 scrolls of teleportation
 j - a scroll of blinking {unknown}
 l - 2 scrolls of amnesia
 m - 6 scrolls of remove curse
 p - a scroll of random uselessness {unknown}
 w - a scroll of enchant weapon
 y - a scroll of vulnerability
 z - a scroll of enchant armour
 A - a scroll of brand weapon


   Skills:
 + Level 10.2 Fighting
 - Level 3.0(5.0) Axes
 - Level 6.2(6.5) Polearms
 - Level 1.7 Throwing
 + Level 7.1 Armour
 + Level 7.3 Dodging
 + Level 0.2 Evocations


You had 10 spell levels left.
You didn't know any spells.

Dungeon Overview and Level Annotations

Branches:
Dungeon (11/15)            Temple (1/1) D:4            Lair (0/6) D:10
    Orc (1/2) D:10

Altars:
Ashenzari
Cheibriados
Dithmenos
Elyvilon
Fedhas
Gozag
Hepliaklqana
Kikubaaqudgha
Makhleb
Nemelex Xobeh
Okawaru
Qazlal
Ru
Sif Muna
Trog
Uskayaw
Vehumet
Wu Jian
Xom
Yredelemnul
Zin
The Shining One

Shops:
D:5 (   D:6 *

Annotations:
D:4 MirrMurr's ghost, amateur MfGl
D:6 MirrMurr's ghost, novice MfGl


Innate Abilities, Weirdness & Mutations

You do not eat or drink.
Your flesh is vulnerable to fire.
You are immune to poison.
Your flesh is cold resistant. (rC+)
You are immune to negative energy. (rN+++)
You are immune to unholy pain and torment.
You can survive without breathing.


Message History

The ettin is too large for the net to hold!
Attack whom?
Press: ? - help, Dir - move target cursor, f/p - ettin
Aim: an ettin, wielding a great mace and a dire flail of crushing You reach to attack!
You hit the ettin.
The ettin is lightly wounded.
You slash the ettin!
The ettin is moderately wounded.
The ettin closely misses you.
The ettin hits you with a dire flail of crushing!!
You slash the ettin!
The ettin is heavily wounded.
The ettin hits you with a great mace! The ettin closely misses you.
You completely miss the ettin.
The ettin is heavily wounded.
The ettin hits you with a great mace.
The ettin hits you with a dire flail of crushing!!!
Ouch! That really hurt!
You die...
Your body crumbles into a pile of gold.

###..... .......
.....# ....### .
# .....# $..$ $
..##. #....#....
...$.(#.........
$ #C@<.......
......#.#...##..
..... ###....#
.>.. ...## #.. $
.### $ ## .# ..
..


You could see an ettin.

Vanquished Creatures
  3 two-headed ogres
  The ghost of ciphuk the Quickloader, a novice KoHu of Dithmenos (D:9)
  Joseph (D:8)
  A centaur zombie (D:10)
  Psyche (D:8)
  2 trolls
  Grinder (D:5)
  Prince Ribbit (D:6)
  2 hippogriffs
  A spriggan (D:7)
  3 yaks (D:9)
  A hungry ghost (D:10)
  An orc warrior (D:9)
  A black bear (D:8)
  3 ogres
  2 sky beasts
  3 phantoms
  5 centaurs
  4 bullfrogs
  A gnoll sergeant (D:8)
  A wyvern zombie (D:9)
  A water moccasin zombie (D:6)
  4 killer bees (D:9)
  5 wights
  8 howler monkeys
  6 crimson imps
  A bullfrog zombie (D:7)
  A hound (D:5)
  2 jellies (D:8)
  4 centaur skeletons
  2 orc priests (D:9)
  3 iguanas
  An orc wizard (D:5)
  14 worker ants
  8 gnolls
  11 adders
  A howler monkey skeleton (D:8)
  A shadow imp (D:5)
  An ooze (D:6)
  5 adder zombies
  2 adder skeletons
  4 worms
  2 dart slugs
  8 leopard geckos
  15 orcs
  6 bats
  5 giant cockroaches
  4 goblins
  6 hobgoblins
  4 jackals (D:3)
  4 quokkas
  4 frilled lizards
  A goblin skeleton (D:4)
  4 goblin zombies (D:4)
  4 hobgoblin zombies (D:4)
  5 kobolds
  A kobold skeleton (D:4)
  A kobold zombie (D:4)
  2 orc zombies (D:4)
  7 rats
207 creatures vanquished.

Notes
Turn   | Place    | Note
-------+----------+-------------------------------------------
     0 | D:1      | Manul the Mummy Gladiator began the quest for the Orb.
     0 | D:1      | Reached XP level 1. HP: 16/16 MP: 1/1
   380 | D:1      | Reached XP level 2. HP: 21/22 MP: 2/2
  1157 | D:2      | Reached XP level 3. HP: 18/27 MP: 3/3
  1545 | D:2      | Reached skill level 1 in Armour
  2313 | D:3      | Found an ancient bone altar of Kikubaaqudgha.
  2313 | D:3      | Found a stormy altar of Qazlal.
  2314 | D:3      | Found a shattered altar of Ashenzari.
  2319 | D:3      | Reached XP level 4. HP: 31/34 MP: 4/4
  2320 | D:3      | Found a sacrificial altar of Ru.
  3036 | D:4      | Found a staircase to the Ecumenical Temple.
  3042 | Temple   | Entered the Ecumenical Temple
  3225 | Temple   | Became a worshipper of Gozag Ym Sagoz the Greedy
  3243 | D:4      | Noticed MirrMurr's ghost (amateur MfGl)
  3609 | D:4      | Found a glowing golden altar of the Shining One.
  3639 | D:4      | Reached XP level 5. HP: 40/40 MP: 5/5
  3863 | D:4      | Found a sparkling altar of Nemelex Xobeh.
  4086 | D:4      | Reached skill level 1 in Polearms
  4204 | D:5      | Entered Level 5 of the Dungeon
  4204 | D:5      | Found Zoco's Weapon Shop.
  4213 | D:5      | Noticed Grinder
  4215 | D:5      | Got a shimmering long sword
  4224 | D:5      | Killed Grinder
  4224 | D:5      | Reached skill level 3 in Fighting
  4224 | D:5      | Reached XP level 6. HP: 38/47 MP: 6/6
  4268 | D:5      | Reached XP level 7. HP: 30/52 MP: 7/7
  4705 | D:5      | Got a crude ring mail
  4716 | D:5      | Identified the +3 ring mail of Dogma {*Drain rPois rC+} (You found it on level 5 of the Dungeon)
  5203 | D:6      | Noticed MirrMurr's ghost (novice MfGl)
  5608 | D:6      | Noticed Prince Ribbit
  5626 | D:6      | Killed Prince Ribbit
  5626 | D:6      | Reached XP level 8. HP: 26/60 MP: 8/8
  5811 | D:6      | Found a white marble altar of Elyvilon.
  6130 | D:5      | Reached skill level 5 in Polearms
  6533 | D:6      | Reached skill level 4 in Fighting
  6577 | D:6      | Found Boplittu's General Store.
  6584 | D:6      | Bought the +3 crown of Dyrovepreva {rElec Int+2 SInv} for 538 gold pieces
  6719 | D:6      | Found a deep blue altar of Sif Muna.
  7165 | D:7      | You fall through a shaft for 2 floors!
  7165 | D:9      | Noticed ciphuk's ghost (novice KoHu)
  7390 | D:7      | Found a snail-covered altar of Cheibriados.
  7551 | D:7      | Reached XP level 9. HP: 67/67 MP: 9/9
  7570 | D:7      | Reached skill level 5 in Fighting
  8024 | D:7      | Reached skill level 5 in Armour
  8578 | D:6      | Noticed a two-headed ogre
  8586 | D:6      | Killed a two-headed ogre
  8586 | D:6      | Reached skill level 6 in Fighting
  8586 | D:6      | Reached skill level 5 in Dodging
  8960 | D:8      | Reached skill level 7 in Fighting
  9281 | D:8      | Noticed Psyche
  9290 | D:8      | Killed Psyche
  9290 | D:8      | Reached XP level 10. HP: 70/79 MP: 10/10
  9343 | D:8      | Noticed Joseph
  9370 | D:8      | Killed Joseph
  9903 | D:8      | Reached skill level 8 in Fighting
 10030 | D:9      | Noticed a two-headed ogre
 10036 | D:9      | Killed a two-headed ogre
 10376 | D:9      | Found a hazy altar of Hepliaklqana.
 10524 | D:9      | Reached skill level 9 in Fighting
 10844 | D:9      | Killed ciphuk's ghost
 11111 | D:9      | Noticed a two-headed ogre
 11119 | D:9      | Killed a two-headed ogre
 11119 | D:9      | Reached skill level 10 in Fighting
 11119 | D:9      | Reached XP level 11. HP: 90/90 MP: 11/11
 11373 | D:10     | Entered Level 10 of the Dungeon
 11631 | D:10     | Found a staircase to the Orcish Mines.
 11707 | D:10     | Found a staircase to the Lair.
 11951 | D:11     | Noticed an unseen horror
 11953 | D:11     | Noticed a two-headed ogre
 12456 | Orc:1    | Entered Level 1 of the Orcish Mines
 12456 | Orc:1    | Noticed an ettin
 12462 | Orc:1    | Slain by an ettin

Vault maps used:
D:1:      lemuel_arrival_room
D:3:      grunt_temple_overflow_open
D:4:      nicolae_tso_besieged_by_evil, minmay_temple_entry_grid, first_bread,
          nemelex_altar_shiori
D:5:      serial_shops, shop, grunt_ministairs_8, uniq_grinder
D:6:      hangedman_cross_stitches, overflow_temple_1_default, serial_shops,
          shop_fountains, basic_altar, minmay_three_doors, uniq_prince_ribbit1
D:7:      nicolae_overflow_crystal_walls, the_bakery
D:8:      serial_column_ruins, column_ruins_hut, column_ruins_hut_ruined,
          column_ruins_open_tiny, column_ruins_grid_1, column_ruins_open_small,
          column_ruins_columns_T, kennysheep_generic_room_8, uniq_psyche,
          uniq_joseph
D:9:      lemuel_round_altar
D:10:     lair_entry_dummy, orc_0_dummy
D:11:     uniq_urug
Temple:   eino_narrow_crystal_temple

Skill      XL: |  1  2  3  4  5  6  7  8  9 10 |
---------------+-------------------------------+-----
Armour         | 1 2 3 4 6 7 |  7.1
Dodging        | 3 4 5 7 |  7.3
Axes           | 3 |  3.0
Polearms       | 2 3 4 6 |  6.2
Fighting       | 3 4 7 10 | 10.2
Throwing       | |  1.7
Evocations     | |  0.2

Action                   |  1- 3 |  4- 6 |  7- 9 | 10-12 || total
-------------------------+-------+-------+-------+-------++-------
Melee: War axe           |    53 |       |       |       ||    53
       Spear             |   114 |       |       |       ||   114
       Trident           |     9 |    32 |       |       ||    41
       Halberd           |       |    54 |   390 |   231 ||   675
Throw: Throwing net      |       |       |     1 |     1 ||     2
Evoke: Wand              |       |     1 |     1 |       ||     2
  Use: Scroll            |       |     3 |     2 |     6 ||    11
 Stab: Sleeping          |     1 |       |       |       ||     1
       Paralysed         |       |     5 |     2 |       ||     7
       Distracted        |       |     1 |       |     1 ||     2
       Held in net/web   |       |       |     1 |       ||     1
Armor: Leather armour    |    53 |       |       |       ||    53
       Ring mail         |     1 |    26 |   130 |    53 ||   210
Dodge: Dodged            |   106 |    36 |   316 |   218 ||   676
